 Dungeon Crawl Stone Soup version 0.32-a0-360-gcd93b57ba1 (webtiles) character file.

Game seed: 17199119340852335521

312 Goblin1989 the Sneak (level 6, -6/44 HPs)
             Began as a Coglin Brigand on Feb 18, 2024.
             Mangled by a mummy (7 damage)
             ... in an ossuary.
             The game lasted 00:09:50 (2336 turns).

Goblin1989 the Sneak (Coglin Brigand)               Turns: 2336, Time: 00:09:51

Health: -6/44      AC:  5    Str:  8 (11) XL:     6   Next: 42%
Magic:  6/6        EV: 11    Int: 10      God:
Gold:   81         SH:  0    Dex: 15 (18) Spells: 5/5 levels left

rFire   . . .        a - +2 dagger {Hong}
rCold   . . .        m - +0 dagger {Raúl}
rNeg    . . .        b - +0 robe
rPois   .            (no helmet)
rElec   .            c - +1 cloak
rCorr   .            (no gloves)
SInv    .            k - +0 pair of boots
Will    .....        (no amulet)
Stlth   +++          (no ring)
HPRegen 0.27/turn    (no ring)
MPRegen 0.10/turn

%: no passive effects
@: revving, stiff-legged, very slow
A: off-hand wielding, slow wielding, warmup strikes, warmup strides
a: no special abilities


You were in an ossuary.
You visited 1 branch of the dungeon, and saw 4 of its levels.
You also visited: Ossuary.

You collected 81 gold pieces.

Inventory:

Hand Weapons
 a - a +2 dagger (weapon) {Hong}
 m - a +0 dagger (worn) {Raúl}
Missiles
 d - 21 poisoned darts (quivered)
 e - 3 curare-tipped darts
 i - 2 throwing nets {!d , @Q1}
Armour
 b - a +0 robe (worn)
 c - a +1 cloak (worn)
 k - a +0 pair of boots (worn)
Jewellery
 u - a ring of ice
Wands
 t - a wand of iceblast (12) {@v5}
Scrolls
 f - 2 scrolls of immolation
 l - 5 scrolls of teleportation {!r, @r2}
 o - a scroll of identify {@r1}
 x - a scroll of fear
Potions
 j - 4 potions of curing {@q1}
 r - a potion of resistance {unknown}
 s - 2 potions of berserk rage {unknown}
 v - a potion of heal wounds {unknown}
 w - a potion of magic {unknown}


   Skills:
 - Level 2.0 Fighting
 + Level 3.3 Short Blades
 - Level 1.7 Throwing
 - Level 0.8 Dodging
 - Level 6.0 Stealth


You had 5 spell levels left.
You didn't know any spells.
Your spell library contained the following spells:

 Spells                   Type           Power      Damage    Failure   Level
 Cigotuvi's Dreadful Rot  Necr/Alch/Air  0%         N/A       50%         2
 Dispel Undead            Necr           0%         3d6       98%         4
 Martyr's Knell           Necr/Summ      0%         N/A       98%         4
 Death Channel            Necr           0%         N/A       100%        6


Dungeon Overview and Level Annotations

Branches:
Dungeon (4/15) Zot: 21683 Ossuary (1/1) Zot: 5881
 Temple: D:4-7

Altars:


Innate Abilities, Weirdness & Mutations

You can wield a second weapon in your off-hand.
It takes a long time for you to wield or remove held weapons.
Your first few attacks do less damage.
Your first movements take longer.


Message History

You hit the howler monkey zombie with your +2 dagger.
The howler monkey zombie is severely damaged.
You hit the howler monkey zombie with your +0 dagger.
The howler monkey zombie closely misses you.
You hit the howler monkey zombie with your +0 dagger.
The howler monkey zombie is almost destroyed.
You hit the howler monkey zombie with your +2 dagger.
The howler monkey zombie barely misses you.
A bullfrog zombie comes into view.
You hit the howler monkey zombie with your +2 dagger.
You destroy the howler monkey zombie!
Your Short Blades skill increases to level 3!
The bullfrog zombie misses you. x2; The bullfrog zombie hits you.
* * * LOW HITPOINT WARNING * * *
You see here 2 potions of degeneration.
You take 5 damage, and have 18/44 hp.
You barely miss the bullfrog zombie with your +0 dagger.
You hit the bullfrog zombie with your +2 dagger.
The bullfrog zombie barely misses you.
You hit the bullfrog zombie but do no damage.
The bullfrog zombie is lightly damaged.
You closely miss the bullfrog zombie with your +2 dagger.
The bullfrog zombie barely misses you.
You hit the bullfrog zombie with your +0 dagger.
The bullfrog zombie is lightly damaged.
You barely miss the bullfrog zombie with your +2 dagger.
The bullfrog zombie closely misses you.
You hit the bullfrog zombie with your +0 dagger.
The bullfrog zombie is lightly damaged.
You hit the bullfrog zombie with your +2 dagger.
The bullfrog zombie barely misses you.
You completely miss the bullfrog zombie with your +2 dagger.
The bullfrog zombie is moderately damaged.
You barely miss the bullfrog zombie with your +0 dagger.
The bullfrog zombie hits you.
* * * LOW HITPOINT WARNING * * *
You take 6 damage, and have 13/44 hp.
You hit the bullfrog zombie with your +0 dagger.
The bullfrog zombie is moderately damaged.
You barely miss the bullfrog zombie with your +2 dagger.
The bullfrog zombie hits you.
* * * LOW HITPOINT WARNING * * *
You take 2 damage, and have 11/44 hp.
You hit the bullfrog zombie with your +2 dagger.
The bullfrog zombie is moderately damaged.
You hit the bullfrog zombie with your +0 dagger.
The bullfrog zombie closely misses you.
You hit the bullfrog zombie with your +2 dagger.
The bullfrog zombie is heavily damaged.
You hit the bullfrog zombie with your +0 dagger.
The bullfrog zombie barely misses you.
The bullfrog zombie hits you but does no damage.
You hit the bullfrog zombie with your +2 dagger.
The bullfrog zombie is severely damaged.
You barely miss the bullfrog zombie with your +0 dagger.
The bullfrog zombie hits you but does no damage.
You hit the bullfrog zombie with your +2 dagger.
The bullfrog zombie is almost destroyed.
You completely miss the bullfrog zombie with your +0 dagger.
The bullfrog zombie closely misses you.
You barely miss the bullfrog zombie with your +2 dagger.
The bullfrog zombie is almost destroyed.
You barely miss the bullfrog zombie with your +0 dagger.
The bullfrog zombie hits you.
* * * LOW HITPOINT WARNING * * *
You hit the bullfrog zombie with your +2 dagger.
The bullfrog zombie is almost destroyed.
You hit the bullfrog zombie but do no damage.
The bullfrog zombie hits you.
* * * LOW HITPOINT WARNING * * *
You take 1 damage, and have 11/44 hp.
You hit the bullfrog zombie with your +0 dagger.
The bullfrog zombie is almost destroyed.
You hit the bullfrog zombie with your +2 dagger.
The bullfrog zombie misses you.
You hit the bullfrog zombie with your +0 dagger.
You destroy the bullfrog zombie!
j - 4 potions of curing {@q1} (gained 1)
w - a fizzy purple potion
x - a scroll of fear
r - a fizzy silvery potion
There is an open door here.
A mummy comes into view.
A hound zombie comes into view.
The mummy hits you!
* * * LOW HITPOINT WARNING * * *
You take 15 damage, and have 1/44 hp.
MASSIVE DAMAGE!!
You hit the mummy with your +2 dagger.
The mummy is lightly damaged.
You hit the mummy with your +0 dagger. You hit the mummy but do no damage.
The mummy is lightly damaged.
You hit the mummy with your +2 dagger. You hit the mummy with your +2 dagger.
The mummy is heavily damaged.
You hit the mummy with your +0 dagger. You hit the mummy but do no damage.
The mummy is heavily damaged.
You hit the mummy but do no damage. The mummy hits you!
You die...

█≈≈≈≈P∆~█..∩█
██≈≈███~█████
█~P~~~.█
███~~█████
█...█...█
███.∆...█
█.∆.█!..█
███.█████.███
█.∆..@MZ.....
███∆█▲█▲█∆█▲█
█.█ ███


You could see a mummy and a hound zombie.

Vanquished Creatures
  A phantom (D:4)
  A bullfrog zombie (Ossuary)
  An iguana (D:4)
  A crocodile zombie (Ossuary)
  2 mummies (Ossuary)
  2 howler monkey zombies (Ossuary)
  An adder (D:3)
  A dart slug (D:1)
  A ribbon worm (D:2)
  3 orcs
  2 bats (D:3)
  5 endoplasms
  3 giant cockroaches
  5 goblins
  4 hobgoblins
  6 kobolds
  A quokka (D:2)
  7 ball pythons
  2 frilled lizards
  9 rats
58 creatures vanquished.

Notes
Turn   | Place    | Note
-------+----------+-------------------------------------------
     0 | D:1      | Goblin1989 the Coglin Brigand began the quest for the Orb.
     0 | D:1      | Reached XP level 1. HP: 16/16 MP: 1/1
   133 | D:1      | Reached XP level 2. HP: 17/22 MP: 2/2
   291 | D:1      | Reached skill level 4 in Stealth
   528 | D:1      | Reached XP level 3. HP: 27/27 MP: 3/3
  1080 | D:2      | Reached XP level 4. HP: 24/33 MP: 4/4
  1453 | D:3      | Reached skill level 5 in Stealth
  2101 | D:4      | Reached XP level 5. HP: 38/38 MP: 5/5
  2163 | D:4      | Noticed a phantom
  2177 | D:4      | Killed a phantom
  2178 | D:4      | Reached skill level 6 in Stealth
  2227 | D:4      | Found a sand-covered staircase.
  2234 | Ossuary  | Entered an ossuary
  2265 | Ossuary  | Reached XP level 6. HP: 10/44 MP: 6/6
  2332 | Ossuary  | HP: 1/44 [mummy (16)]
  2336 | Ossuary  | Mangled by a mummy

Illustrated notes

Levels and vault maps discovered:
D:1:      dpeg_arrival_snail, layout_basic, hangedman_decor_diamond_cutter,
          minmay_small_reverse_x
D:2:      layout_loops_ring, corexii_item_surrounded_by_moat
D:3:      layout_basic, minmay_misc_feat_iff, hex_intersection, hex_large
D:4:      layout_loops_corners, mainiacjoe_overflow_alcove_3,
          mainiacjoe_overflow_alcove_4, serial_rivers,
          chequers_serial_rivers_small_a, chequers_serial_rivers_room_a,
          chequers_serial_rivers_micro_d, chequers_serial_rivers_small_b,
          nicolae_ossuary_entry_ruins, portal_sewer_entry_b, st_stairs_8
Ossuary:  ossuary_zaba_flooded

Skill      XL: |  1  2  3  4  5  6 |
---------------+-------------------+-----
Stealth        | 4 5 6 |  6.0
Short Blades   | 2 3 |  3.3
Fighting       | |  2.0
Throwing       | |  1.7
Dodging        | |  0.8

Action                     |  1- 3 |  4- 6 || total
---------------------------+-------+-------++-------
  Melee: Dagger            |    88 |   204 ||   292
    Use: Scroll            |       |     8 ||     8
         Potion            |       |     2 ||     2
   Stab: Sleeping          |     9 |     4 ||    13
         Distracted        |       |     2 ||     2
         Invisible         |       |     3 ||     3
 Armour: Robe              |    29 |    42 ||    71
  Dodge: Dodged            |    40 |    56 ||    96

Table legend: (Time is in decaauts)
 A = Elapsed time spent in this place.
 B = Non-inter-level travel time spent in this place.
 C = Inter-level travel time spent in this place.
 D = Time resting spent in this place.
 E = Time spent auto-exploring this place.
 F = Levels seen in this place.
 G = Mean time per level.
                   A        B        C        D        E       F      G
               +--------+--------+--------+--------+--------+-----+--------+
         Total |   2434 |   2363 |     71 |      2 |   1692 |   5 |  486.8 |
       Dungeon |   2317 |   2246 |     71 |      0 |   1692 |   4 |  579.2 |
       Ossuary |    117 |    117 |      0 |      2 |      0 |   1 |  117.0 |
               +--------+--------+--------+--------+--------+-----+--------+

Top non-repeatable levels by time:
     D:1: 845 daAuts
     D:3: 727 daAuts
     D:2: 595 daAuts
     D:4: 148 daAuts
 Ossuary: 117 daAuts
